 Dungeon Crawl Stone Soup version 0.30-a0-368-g86fb4627a9 (webtiles) character file.

Game seed: 10893154227391160254

2576 qeuew the Cleaver (level 9, -5/118 HPs)
             Began as a Minotaur Berserker on Nov 18, 2022.
             Was an Elder of Trog.
             Slain by Joseph
             ... wielding a +0 quarterstaff
              (9 damage)
             ... on level 7 of the Dungeon.
             The game lasted 00:06:22 (5727 turns).

qeuew the Cleaver (Minotaur Berserker)              Turns: 5727, Time: 00:06:23

Health: -5/118     AC:  7    Str: 25    XL:     9   Next: 32%
Magic:  8/8        EV: 14    Int:  4    God:    Trog [****..]
Gold:   318        SH:  0    Dex: 17    Spells: 8/8 levels left

rFire   . . .      SeeInvis .    a - +1 hand axe
rCold   . . .      Faith    .    (no shield)
rNeg    + . .      Spirit   .    e - +1 ring mail
rPois   .          Reflect  .    (helmet restricted)
rElec   .          Harm     .    (no cloak)
rCorr   .          Rampage  .    (no gloves)
Will    .....                    (no boots)
Stlth   ..........               (no amulet)
HPRegen 0.39/turn                b - +6 ring of dexterity
MPRegen 0.11/turn                m - ring of positive energy

@: berserking, very quick
A: horns 2, retaliatory headbutt
a: Renounce Religion, Berserk, Trog's Hand, Brothers in Arms


You were on level 7 of the Dungeon.
You worshipped Trog.
Trog was greatly pleased with you.
You visited 2 branches of the dungeon, and saw 8 of its levels.
You also visited: Sewer.

You collected 408 gold pieces.
You spent 90 gold pieces at shops.

Inventory:

Hand Weapons
 a - a +1 hand axe (weapon)
Armour
 e - a +1 ring mail (worn)
Jewellery
 b - a +6 ring of dexterity (left hand)
 k - a ring of flight
 m - a ring of positive energy (right hand)
Wands
 f - a wand of polymorph (11)
 h - a wand of charming (11)
 o - a wand of light (8)
Scrolls
 d - 3 scrolls of teleportation
 g - a scroll of blinking
 l - 2 scrolls of fear {unknown}
 p - a scroll of silence {unknown}
Potions
 c - a potion of invisibility
 i - 2 potions of cancellation
 j - 2 potions of haste
 n - 3 potions of heal wounds


   Skills:
 + Level 7.4 Fighting
 * Level 9.9 Axes
 + Level 6.7 Armour
 + Level 6.3 Dodging
 + Level 3.5 Evocations


You had 8 spell levels left.
You didn't know any spells.
Your spell library was empty.

Dungeon Overview and Level Annotations

Branches:
Dungeon (7/15)             Temple (1/1) D:6           Sewer (visited)

Altars:
Ashenzari
Cheibriados
Dithmenos
Fedhas
Gozag
Hepliaklqana
Kikubaaqudgha
Makhleb
Nemelex Xobeh
Okawaru
Qazlal
Ru
Trog
Uskayaw
Xom
Yredelemnul
Zin
The Shining One

Shops:
D:2 *

Annotations:
D:7 Joseph


Innate Abilities, Weirdness & Mutations

You have a pair of horns on your head.
You reflexively headbutt those who attack you in melee.


Message History

Joseph unwields a +0 quarterstaff.
Joseph wields a +0 sling.
Joseph shoots a sling bullet.
The sling bullet hits you but does no damage.
Joseph unwields a +0 sling.
Joseph wields a +0 quarterstaff.
Joseph closely misses you. You furiously retaliate!
You headbutt Joseph. You hit Joseph but do no damage. You headbutt Joseph.
Joseph is lightly wounded.
Joseph zaps a wand.
The bolt of light hits you!
You hit Joseph but do no damage. You headbutt Joseph.
Joseph is lightly wounded.
Joseph zaps a wand.
The bolt of light hits you!
You hit Joseph. You headbutt Joseph!
Joseph is moderately wounded.
Joseph barely misses you.
You hit Joseph.
Joseph is heavily wounded.
You barely miss Joseph.
Joseph is heavily wounded.
Joseph hits you with a +0 quarterstaff.
You hit Joseph but do no damage.
Joseph is heavily wounded.
Joseph barely misses you.
You hit Joseph.
Joseph is heavily wounded.
Joseph hits you with a +0 quarterstaff!
You hit Joseph but do no damage.
Joseph is heavily wounded.
Joseph zaps a wand.
The bolt of light hits you!!
* * * LOW HITPOINT WARNING * * *
Okay, then.
A red film seems to cover your vision as you go berserk!
You feel yourself moving faster!
You feel mighty!
Joseph zaps a wand.
The bolt of light hits you.
* * * LOW HITPOINT WARNING * * *
You hit Joseph.
Joseph is heavily wounded.
You barely miss Joseph.
Joseph is heavily wounded.
Joseph hits you with a +0 quarterstaff!
You die...

# ##+#####.. #
###+#+#........? #
#.............# #
#.....@@......# #
+......#...####
####### #......###.#
....... ..........#$#
##############.##.#.#
........# #.##.# #
#######.# #.##.#.#
#######.######.##.#.#
..................#.#


You could see Joseph.

Vanquished Creatures
  The ghost of SleepySteel the Ducker, a novice DjIE (D:6)
  The ghost of retardedninja the Covered, an amateur MiFi of Gozag (D:5)
  Eustachio (D:4)
  A water moccasin (Sewer)
  A sky beast (D:6)
  A black bear (D:4)
  An ice beast (D:6)
  2 ogres (D:4)
  A phantom (D:6)
  2 necrophages
  A bullfrog (D:5)
  A scorpion (D:6)
  4 wights (D:6)
  A howler monkey (D:7)
  4 hounds
  2 jellies (D:6)
  3 orc priests
  4 iguanas
  An orc wizard (D:5)
  11 gnolls
  12 adders
  A river rat (D:5)
  A white imp (D:5)
  A worm (D:2)
  7 dart slugs
  8 orcs
  3 ball pythons
  9 endoplasms
  5 giant cockroaches
  3 goblins
  A hobgoblin (D:3)
  10 jackals
  5 quokkas
  13 bats
  2 frilled lizards (D:2)
  8 kobolds
  6 rats
139 creatures vanquished.

Notes
Turn   | Place    | Note
-------+----------+-------------------------------------------
     0 | D:1      | qeuew the Minotaur Berserker began the quest for the Orb.
     0 | D:1      | Reached XP level 1. HP: 19/19 MP: 0/0
   169 | D:1      | Reached XP level 2. HP: 25/27 MP: 1/1
   183 | D:1      | Reached skill level 4 in Axes
  1162 | D:2      | Reached XP level 3. HP: 30/33 MP: 2/2
  1340 | D:2      | Found Uraps's General Store.
  1343 | D:2      | Bought a scroll of blinking for 90 gold pieces
  1368 | D:2      | Reached ** piety under Trog
  1613 | D:2      | Reached XP level 4. HP: 40/40 MP: 3/3
  2137 | D:3      | Reached skill level 5 in Axes
  2587 | D:4      | Noticed a necrophage
  2593 | D:4      | Killed a necrophage
  2594 | D:4      | Reached XP level 5. HP: 44/47 MP: 4/4
  2637 | D:4      | Noticed an ogre
  2646 | D:4      | Killed an ogre
  2647 | D:4      | Reached XP level 6. HP: 20/55 MP: 5/5
  2787 | D:4      | Noticed Eustachio
  2791 | D:4      | Reached *** piety under Trog
  2792 | D:4      | Reached skill level 5 in Fighting
  2792 | D:4      | Reached skill level 6 in Axes
  2806 | D:4      | Killed Eustachio
  2872 | D:4      | Reached XP level 7. HP: 47/61 MP: 6/6
  2877 | D:4      | Reached skill level 7 in Axes
  3758 | D:5      | Entered Level 5 of the Dungeon
  3762 | D:5      | Reached skill level 5 in Armour
  3771 | D:5      | Reached skill level 1 in Evocations
  3781 | D:5      | Found a large runed translucent door.
  3781 | D:5      | Found a large runed translucent door.
  3793 | D:5      | Noticed retardedninja's ghost (amateur MiFi)
  3913 | D:5      | Reached **** piety under Trog
  3936 | D:5      | Found a glowing drain.
  3948 | Sewer    | Entered a sewer
  3950 | Sewer    | Reached XP level 8. HP: 70/70 MP: 7/7
  3981 | Sewer    | Reached skill level 5 in Dodging
  4183 | D:5      | Reached skill level 8 in Axes
  4570 | D:5      | Killed retardedninja's ghost
  5013 | D:6      | Found a staircase to the Ecumenical Temple.
  5048 | D:6      | Reached skill level 9 in Axes
  5085 | Temple   | Entered the Ecumenical Temple
  5325 | D:6      | Reached XP level 9. HP: 73/79 MP: 8/8
  5442 | D:6      | Found a runed translucent door.
  5442 | D:6      | Noticed SleepySteel's ghost (novice DjIE)
  5457 | D:6      | Killed SleepySteel's ghost
  5709 | D:7      | Noticed Joseph
  5725 | D:7      | HP: 3/118 [Joseph/bolt of light (3)]
  5727 | D:7      | Slain by Joseph

Illustrated notes

Levels and vault maps discovered:
D:1:      psy_arrival_whirlpool, layout_loops_corners, serial_forest,
          infiniplex_forest_end_1, infiniplex_forest_lined_room_,
          infiniplex_forest_diagonal, infiniplex_forest_clump_long,
          infiniplex_forest_join, infiniplex_forest_side_room,
          infiniplex_forest_join, infiniplex_forest_clump_tiny,
          infiniplex_forest_straight_3, minivault_5
D:2:      layout_basic, serial_shops, nicolae_shop_behind_doors
D:3:      layout_basic, minivault_14
D:4:      layout_loops_corners, st_stairs_8, uniq_eustachio
D:5:      layout_rooms, serial_glass, glass_columns_c, glass_columns_b,
          feat_on_display, item_on_display_b, ebering_ghost_disaster_area,
          gup_sewer_entry_bubbles
D:6:      layout_basic, temple_statues, gammafunk_ghost_grave
D:7:      layout_basic, grunt_temple_overflow_open, serial_shops,
          nicolae_shop_behind_doors, uniq_pikel, uniq_joseph
Temple:   regret_index_temple_mists

Skill      XL: |  1  2  3  4  5  6  7  8  9 |
---------------+----------------------------+-----
Axes           | 4 5 6 7 9 |  9.9
Fighting       | 4 5 6 7 |  7.4
Armour         | 3 4 5 6 |  6.7
Dodging        | 3 4 5 6 |  6.3
Evocations     | 1 3 |  3.5

Action                   |  1- 3 |  4- 6 |  7- 9 || total
-------------------------+-------+-------+-------++-------
Melee: Hand axe          |    62 |    73 |   233 ||   368
       Headbutt          |    12 |    14 |    44 ||    70
       Punch             |       |       |     2 ||     2
Invok: Berserk           |       |     1 |     4 ||     5
  Use: Scroll            |     3 |     5 |     5 ||    13
       Potion            |       |     4 |     1 ||     5
Armor: Animal skin       |     9 |       |       ||     9
       Ring mail         |    18 |    22 |    55 ||    95
Dodge: Dodged            |    31 |    53 |   142 ||   226

Table legend: (Time is in decaauts)
 A = Elapsed time spent in this place.
 B = Non-inter-level travel time spent in this place.
 C = Inter-level travel time spent in this place.
 D = Time resting spent in this place.
 E = Time spent auto-exploring this place.
 F = Levels seen in this place.
 G = Mean time per level.
                   A        B        C        D        E       F      G
               +--------+--------+--------+--------+--------+-----+--------+
         Total |   5716 |   5508 |    208 |      0 |   4573 |   9 |  635.1 |
       Dungeon |   5437 |   5253 |    184 |      0 |   4374 |   7 |  776.7 |
        Temple |    137 |    114 |     23 |      0 |     99 |   1 |  137.0 |
         Sewer |    141 |    141 |      0 |      0 |    100 |   1 |  141.0 |
               +--------+--------+--------+--------+--------+-----+--------+

Top non-repeatable levels by time:
     D:4: 1169 daAuts
     D:1: 1099 daAuts
     D:5: 799 daAuts
     D:3: 795 daAuts
     D:2: 698 daAuts
     D:6: 649 daAuts
     D:7: 225 daAuts
   Sewer: 141 daAuts
  Temple: 137 daAuts
